 Dungeon Crawl Stone Soup version 0.29.0-5-ge4962eb29e (webtiles) character file.

Game seed: 3524794059283688598

242 tizbic2 the Cudgeller (level 5, -4/49 HPs)
             Began as a Troll Warper on Aug 29, 2022.
             Was an Elder of Lugonu.
             Slain by an ogre
             ... wielding a +0 giant spiked club
              (21 damage)
             ... on level 4 of the Dungeon.
             The game lasted 00:10:01 (1966 turns).

tizbic2 the Cudgeller (Troll Warper)                Turns: 1966, Time: 00:10:02

Health: -4/49      AC: 10    Str: 19    XL:     5   Next: 82%
Magic:  6/6        EV:  9    Int: 11    God:    Lugonu [****..]
Gold:   122        SH:  0    Dex:  9    Spells: 4/7 levels left

rFire   . . .      SeeInvis .   s - +0 flail
rCold   . . .      Faith    .   (no shield)
rNeg    . . .      Spirit   .   b - +0 robe
rPois   .          Reflect  .   h - +2 hat
rElec   .          Harm     .   (no cloak)
rCorr   +          Rampage  .   (gloves unavailable)
Will    .....                   (boots unavailable)
Stlth   +.........              (no amulet)
HPRegen 0.96/turn               g - ring of resist corrosion
MPRegen 0.10/turn               j - +4 ring of protection

@: no status effects
A: large, unfitting armour, claws 3, regeneration 1, shaggy fur 1, tough skin 1
a: Renounce Religion, Depart the Abyss, Bend Space, Banish, Corrupt


You were on level 4 of the Dungeon.
You worshipped Lugonu.
Lugonu was greatly pleased with you.
You visited 1 branch of the dungeon, and saw 4 of its levels.

You collected 122 gold pieces.

Inventory:

Hand Weapons
 a - a +0 mace
 s - a +0 flail (weapon)
Missiles
 d - 7 boomerangs of dispersal (quivered)
 l - 4 boomerangs
Armour
 b - a +0 robe (worn)
 h - a +2 hat (worn)
Jewellery
 g - a ring of resist corrosion (left claw)
 j - a +4 ring of protection (right claw)
 q - a ring of poison resistance
Scrolls
 c - a scroll of blinking
 i - 2 scrolls of teleportation
 k - a scroll of amnesia
 m - a scroll of enchant armour
 n - a scroll of enchant weapon
 o - a scroll of noise {unknown}
 p - a scroll of summoning
Potions
 e - a potion of haste {unknown}
 f - a potion of lignification {unknown}
 r - 2 potions of degeneration {unknown}
 t - a potion of flight {unknown}
 u - a potion of heal wounds {unknown}


   Skills:
 + Level 2.2 Fighting
 * Level 3.1 Maces & Flails
 - Level 0.8 Throwing
 - Level 1.9 Dodging
 * Level 2.3 Unarmed Combat
 + Level 1.7 Spellcasting
 + Level 2.7 Translocations
 * Level 1.6 Transmutations


You had 4 spell levels left.
You knew the following spells:

 Your Spells              Type           Power      Damage    Failure   Level
a - Beastly Appendage     Tmut           8%         N/A       16%         1
b - Wereblood             Tmut           4%         N/A       24%         2

Your spell library contained the following spells:

 Spells                   Type           Power      Damage    Failure   Level
 Blink                    Tloc           14%        N/A       14%         2
 Gell's Gravitas          Tloc           7%         N/A       28%         3
 Lesser Beckoning         Tloc           7%         N/A       28%         3
 Teleport Other           Tloc           7%         N/A       28%         3
 Magic Dart               Conj           0%         1d3       30%         1
 Searing Ray              Conj           0%         2d4       41%         2
 Spider Form              Tmut/Pois      2%         N/A       54%         3
 Fulminant Prism          Conj/Hex       0%         3d6       96%         4
 Manifold Assault         Tloc           7%         N/A       95%         5


Dungeon Overview and Level Annotations

Branches:
Dungeon (4/15)
 Temple: D:4-7

Altars:
Wu Jian
Lugonu


Innate Abilities, Weirdness & Mutations

You are too large for most types of armour.
You have claws for hands.
Your natural rate of healing is unusually fast.
You are covered in fur. (AC +1)
You have tough skin. (AC +1)


Message History

You barely miss the necrophage.
The necrophage is heavily damaged.
The necrophage hits you.
You sock the necrophage!
The necrophage is severely damaged.
The necrophage hits you but does no damage.
The necrophage hits you.
You hit the necrophage but do no damage.
The necrophage is severely damaged.
The necrophage hits you but does no damage.
You closely miss the necrophage.
The necrophage is severely damaged.
The necrophage closely misses you.
You sock the necrophage!
You destroy the necrophage!
Lugonu accepts your kill.
Your Maces & Flails skill increases to level 3!
Found a plate armour.
Found a green potion.
You see here a +0 plate armour.
Found a book of Conjurations.
u - a green potion
Found a scale mail.
You pick up a book of Conjurations and begin reading...
You add the spells Magic Dart, Searing Ray and Fulminant Prism to your library.
An ogre comes into view. It is wielding a +0 giant spiked club.
The ogre hits you with a +0 giant spiked club!
You barely miss the ogre. You sock the ogre!
The ogre is moderately wounded.
The ogre hits you with a +0 giant spiked club!
You hit the ogre.
The ogre is moderately wounded.
The ogre hits you with a +0 giant spiked club!
You barely miss the ogre.
The ogre is moderately wounded.
The ogre hits you with a +0 giant spiked club!
The ogre attacks as you move away!
The ogre hits you with a +0 giant spiked club!!
You die...

.. # .. ##
### ##.#
##.. #..#
###... #..#
##...## #..#
#..#.##
#..###
##.#..##
#O.##..
#<...##.
#@.##...
#...## .
#..#
#..##..## #
#..#
#.....###.#
#..#
####.......
#..#
#[...###.#
#..# #..###
#..# ####..#
#..# #.....#
#..##..###.#
..


You could see an ogre.

Vanquished Creatures
  A necrophage (D:4)
  3 gnolls (D:2)
  8 adders
  A dart slug (D:4)
  3 orcs (D:3)
  9 ball pythons
  An endoplasm (D:3)
  4 giant cockroaches (D:1)
  6 goblins
  4 hobgoblins
  12 jackals
  6 quokkas
  3 bats (D:3)
  2 frilled lizards
  4 kobolds
  7 rats
74 creatures vanquished.

Vanquished Creatures (others)
  5 fungi (D:1)
  A plant (D:3)
6 creatures vanquished.

Grand Total: 80 creatures vanquished

Notes
Turn   | Place    | Note
-------+----------+-------------------------------------------
     0 | D:1      | tizbic2 the Troll Warper began the quest for the Orb.
     0 | D:1      | Reached XP level 1. HP: 19/19 MP: 1/1
    40 | D:1      | Found a faded altar of an unknown god.
    49 | D:1      | Prayed at the altar of an unknown god.
    49 | D:1      | Became a worshipper of Lugonu the Unformed
    49 | D:1      | Reached * piety under Lugonu
    49 | D:1      | Reached ** piety under Lugonu
   195 | D:1      | Reached skill level 2 in Maces & Flails
   299 | D:1      | Reached XP level 2. HP: 28/28 MP: 3/3
   890 | D:1      | Reached skill level 1 in Unarmed Combat
   904 | D:1      | Learned a level 1 spell: Beastly Appendage
   907 | D:1      | Learned a level 2 spell: Wereblood
   937 | D:2      | Reached XP level 3. HP: 35/35 MP: 4/4
  1022 | D:2      | Reached *** piety under Lugonu
  1128 | D:2      | Reached XP level 4. HP: 42/42 MP: 5/5
  1200 | D:2      | Reached skill level 1 in Transmutations
  1562 | D:3      | Reached XP level 5. HP: 47/49 MP: 6/6
  1699 | D:3      | Found an ornate altar of the Wu Jian Council.
  1887 | D:4      | Reached **** piety under Lugonu
  1923 | D:4      | Reached skill level 3 in Maces & Flails
  1958 | D:4      | Noticed an ogre
  1966 | D:4      | Slain by an ogre

Illustrated notes

Levels and vault maps discovered:
D:1:      mushboom_english_gardens, layout_basic,
          shapermc_ecumenical_altar_mp_urbaneastern
D:2:      layout_rooms, chequers_garden, serial_bayou_crossing
D:3:      layout_rooms, mainiacjoe_overflow_surrounded_room,
          guppyfry_early_lair_pool
D:4:      layout_rooms, lemuel_doored_altar

Skill      XL: |  1  2  3  4  5 |
---------------+----------------+-----
Maces & Flails | 2 3 |  3.1
Unarmed Combat | 1 2 |  2.3
Fighting       | 2 |  2.2
Transmutations | 1 |  1.6
Throwing       | |  0.8
Dodging        | |  1.9
Spellcasting   | |  1.7
Translocations | |  2.7

Action                   |  1- 3 |  4- 6 || total
-------------------------+-------+-------++-------
Melee: Mace              |   121 |   154 ||   275
       Punch             |     1 |     1 ||     2
       Flail             |       |    19 ||    19
 Cast: Beastly Appendage |       |     1 ||     1
Invok: Bend Space        |     1 |       ||     1
  Use: Scroll            |     3 |     2 ||     5
Armor: Robe              |    68 |   124 ||   192
Dodge: Dodged            |    73 |   121 ||   194
